 Dungeon Crawl Stone Soup version 0.27.1-33-g824d729ab1 (webtiles) character file.

Game seed: 18119216915752452106

204 zeram the Shield-Bearer (level 5, -2/46 HPs)
             Began as a Hill Orc Fighter on Dec 5, 2021.
             Slain by a bullfrog (7 damage)
             ... in a sewer.
             The game lasted 00:04:17 (2484 turns).

zeram the Shield-Bearer (Hill Orc Fighter)          Turns: 2484, Time: 00:04:17

Health: -2/46      AC: 10    Str: 20    XL:     5   Next: 82%
Magic:  5/5        EV:  5    Int:  8    God:
Gold:   65         SH:  9    Dex: 10    Spells: 4/4 levels left

rFire    . . .     SeeInvis .   d - +3 spear
rCold    . . .     Faith    .   c - +0 kite shield
rNeg     . . .     Spirit   .   b - +0 scale mail
rPois    .         Reflect  .   f - +2 helmet
rElec    .         Harm     .   (no cloak)
rCorr    .         Rampage  .   (no gloves)
Will     .....                  (no boots)
Stlth    ..........             (no amulet)
HPRegen  0.15/turn              h - ring of wizardry
MPRegen  0.09/turn              (no ring)

@: brilliant, flying, hasted, constricted, very quick
A: no striking features
a: no special abilities


You were in a sewer.
You visited 1 branch of the dungeon, and saw 3 of its levels.
You also visited: Sewer.

You collected 65 gold pieces.

Inventory:

Hand Weapons
 a - a +0 war axe
 d - a +3 spear (weapon)
Armour
 b - a +0 scale mail (worn)
 c - a +0 kite shield (worn)
 e - a +0 helmet
 f - a +2 helmet (worn)
Jewellery
 h - a ring of wizardry (left hand)
Scrolls
 g - a scroll of identify
 m - a scroll of summoning
 n - a scroll of magic mapping {unknown}
 o - 3 scrolls of blinking {unknown}
 p - a scroll of fear {unknown}
Potions
 i - 2 potions of magic


   Skills:
 + Level 4.3 Fighting
 - Level 4.2 Axes
 + Level 4.4 Armour
 + Level 1.1 Dodging
 + Level 4.7 Shields


You had 4 spell levels left.
You didn't know any spells.
Your spell library was empty.

Dungeon Overview and Level Annotations

Branches:
Dungeon (3/15)              Sewer (1/1)

Altars:


Message History

You block the ball python's attack. The ball python constricts you.
The ball python bites you but does no damage.
Your frilled lizard barely misses the ball python.
Your frilled lizard barely misses the adder.
The bullfrog hits you but does no damage.
Your frilled lizard bites the ball python.
It was a potion of haste.
You feel yourself speed up. You block the adder's attack.
Something closely misses your frilled lizard.
Something barely misses your frilled lizard.
The ball python bites you.
* * * LOW HITPOINT WARNING * * *
The endoplasm hits your endoplasm.
The ball python bites your frilled lizard.
Your frilled lizard dies!
Your frilled lizard's corpse dissolves into shadows!
The bullfrog hits you but does no damage.
The ball python bites you but does no damage.
The ball python constricts you. You block the ball python's attack.
Your endoplasm hits the ball python.
The ball python dies!
Your frilled lizard closely misses the adder.
Your frilled lizard bites the ball python.
It was a potion of brilliance.
You feel clever all of a sudden. Something bites your frilled lizard.
Your frilled lizard dies!
Your frilled lizard's corpse dissolves into shadows!
You block the adder's attack.
The ball python bites you but does no damage.
The bullfrog closely misses you.
The endoplasm hits your endoplasm but does no damage.
The ball python bites you but does no damage.
The ball python constricts you. You block the ball python's attack.
Your endoplasm freezes the endoplasm.
The endoplasm is frozen.
The ball python barely misses you.
Your endoplasm hits the ball python.
The ball python's grasp on you weakens, but your attempt to escape fails.
The adder bites you but does no damage. The bullfrog hits you!
You die...

....'..# ....#..#
#...####
#....####################
#......≈≈≈≈≈≈≈≈≈≈≈≈≈≈≈...
##....≈≈≈≈≈≈≈≈≈≈≈≈≈≈≈≈...
#.....≈≈≈≈≈≈≈≈l≈J≈≈≈≈...
#....≈≈≈≈≈≈≈≈≈SSSJ≈≈≈...
##....≈≈≈≈≈≈≈JF@#≈≈≈≈...
###..≈≈≈≈≈≈≈≈≈SSS≈≈≈#..
###################


You could see a bullfrog, an adder (ally target), an endoplasm (ally target), 5
ball pythons, 2 friendly endoplasms and a friendly frilled lizard (summoned).

Vanquished Creatures
  3 adders
  4 gnolls (D:2)
  3 river rats (Sewer)
  4 orcs
  3 bats
  5 endoplasms
  3 giant cockroaches
  5 goblins
  4 hobgoblins (D:1)
  4 jackals (D:2)
  10 ball pythons
  5 frilled lizards
  6 kobolds
  28 rats
87 creatures vanquished.

Vanquished Creatures (collateral kills)
  A bullfrog (Sewer)
  A ball python (Sewer)
2 creatures vanquished.

Grand Total: 89 creatures vanquished

Notes
Turn   | Place    | Note
-------+----------+-------------------------------------------
     0 | D:1      | zeram the Hill Orc Fighter began the quest for the Orb.
     0 | D:1      | Reached XP level 1. HP: 19/19 MP: 1/1
   158 | D:1      | Reached XP level 2. HP: 26/27 MP: 2/2
   160 | D:1      | Found a faded altar of an unknown god.
   479 | D:1      | Reached XP level 3. HP: 33/33 MP: 3/3
   946 | D:2      | Reached XP level 4. HP: 28/40 MP: 4/4
  1798 | D:3      | Reached XP level 5. HP: 40/46 MP: 5/5
  1798 | D:3      | Found a glowing drain.
  1809 | Sewer    | Entered a sewer
  2311 | Sewer    | Reached skill level 1 in Dodging
  2484 | Sewer    | Slain by a bullfrog

Illustrated notes

Levels and vault maps discovered:
D:1:      onia_arrival_pentagram, layout_loops_ring,
          ebering_ecumenical_altar_rust
D:2:      layout_loops_cross
D:3:      layout_basic, portal_sewer_entry_d, chequers_serial_rivers_room_b
Sewer:    sewer_minmay_w

Skill      XL: |  1  2  3  4  5 |
---------------+----------------+-----
Axes           | 3 4 |  4.2
Fighting       | 4 |  4.3
Armour         | 4 |  4.4
Shields        | 4 |  4.7
Dodging        | 1 |  1.1

Action                   |  1- 3 |  4- 6 || total
-------------------------+-------+-------++-------
Melee: War axe           |    99 |    12 ||   111
       Spear             |       |   156 ||   156
  Use: Scroll            |     1 |     2 ||     3
       Potion            |       |     5 ||     5
Armor: Scale mail        |    61 |   148 ||   209
Dodge: Dodged            |    37 |    78 ||   115
Block: Kite shield       |    54 |   156 ||   210
